AoeStats
← 陆小果

Black Forest

506529421Analyzed
3v3 RM · 18d ago on Sep 13, 2026· 78m 0s· 6 players
Game mode
Random Map
Map size
Normal (6 player)
Population
200
Speed
Normal
Resources
Standard
Victory
Conquest
Starting age
Dark Age
Ending age
Imperial Age
RankedLock teamsTeams togetherTeam positionsShared explorationLock speedFull tech treeHidden civsTurbo modeCheats
Victory
Defeat
🇺🇸 Spanish · United States
726
+10
🇺🇸 Franks · United States
699
+11
🇺🇸 Turks · United States
684
+11
🇺🇸 Khmer · United States
625
-12
🇭🇰 Portuguese · Hong Kong SAR China
598
-11
🇨🇦 Bengalis · Canada
530
-9
slav1c_hav0c
0:38 Loom
15:39 Feudal Age
22:58 Double-Bit Axe
31:26 Castle Age
32:34 Scale Barding Armor
32:40 Forging
37:06 Bloodlines
39:06 Forging
38:23 Pikeman
40:56 Gambesons
41:14 Squires
41:40 Horse Collar
42:23 Bow Saw
43:59 Fletching
44:10 Padded Archer Armor
44:37 Chain Barding Armor
44:53 Iron Casting
44:21 Scale Mail Armor
49:50 Wheelbarrow
52:03 Imperial Age
50:06 Chain Mail Armor
53:05 Halberdier
54:33 Light Cavalry
55:15 Husbandry
MAC01
12:08 Feudal Age
14:01 Double-Bit Axe
22:26 Castle Age
20:21 Horse Collar
24:40 Stone Mining
26:04 Gold Mining
27:40 Heavy Plow
29:47 Stone Shaft Mining
29:48 Gold Shaft Mining
29:46 Husbandry
31:50 Scale Barding Armor
32:02 Fletching
35:18 Forging
36:41 Chain Barding Armor
36:57 Iron Casting
37:58 Bodkin Arrow
38:17 Bow Saw
38:47 Tusk Swords
42:45 Imperial Age
42:07 Caravan
42:46 Elite Battle Elephant
44:46 Blast Furnace
44:00 Bracer
45:17 Plate Barding Armor
45:47 Cavalier
49:01 Conscription
49:25 Light Cavalry
51:17 Heated Shot
51:48 Ballistics
51:19 Guard Tower
53:14 Padded Archer Armor
53:55 Fortified Wall
53:59 Masonry
57:37 Architecture
60:02 Chemistry
61:48 Hoardings
63:20 Bloodlines
66:49 Scale Mail Armor
66:42 Pikeman
67:39 Halberdier
72:14 Chain Mail Armor
陆小果
12:56 Feudal Age
13:33 Loom
13:45 Double-Bit Axe
17:09 Horse Collar
18:47 Wheelbarrow
27:33 Castle Age
26:39 Stone Mining
26:44 Gold Mining
28:18 Heavy Plow
31:08 Stone Shaft Mining
30:48 Bow Saw
37:06 Imperial Age
35:37 Circumnavigation
38:28 Hand Cart
37:59 Town Watch
39:37 Scale Barding Armor
39:25 Fletching
39:48 Caravan
44:09 Elite Organ Gun
45:12 Conscription
45:01 Arquebus
46:38 Coinage
46:18 Guilds
47:29 Crop Rotation
51:59 Ballistics
51:55 Siege Engineers
52:55 Chemistry
56:03 Onager
57:50 Cavalier
58:34 Husbandry
58:45 Bloodlines
59:00 Forging
58:51 Scale Mail Armor
58:59 Scale Barding Armor
58:56 Padded Archer Armor
58:51 Bodkin Arrow
MysterySnailer
12:04 Feudal Age
12:27 Horse Collar
13:01 Double-Bit Axe
16:15 Wheelbarrow
15:29 Loom
23:32 Castle Age
21:53 Stone Mining
22:43 Gold Mining
23:47 Wheelbarrow
30:06 Imperial Age
34:34 Elite Janissary
42:48 Ballistics
44:10 Artillery
44:33 Conscription
44:13 Guard Tower
44:11 Arrowslits
44:44 Masonry
44:15 Treadmill Crane
44:59 Bombard Tower
44:39 Fletching
44:49 Padded Archer Armor
45:06 Forging
44:56 Scale Mail Armor
45:47 Murder Holes
46:06 Fortified Wall
46:36 Caravan
47:09 Coinage
46:53 Guilds
47:51 Hoardings
46:49 Sappers
47:37 Bodkin Arrow
47:58 Leather Archer Armor
48:26 Iron Casting
48:06 Chain Mail Armor
48:36 Architecture
49:50 Heavy Plow
50:31 Hand Cart
51:00 Bracer
51:30 Ring Archer Armor
52:07 Blast Furnace
51:37 Plate Mail Armor
51:13 Scale Barding Armor
52:08 Bow Saw
59:53 Banking
BamBam
2:22 Loom
11:46 Feudal Age
13:57 Man-at-Arms
18:39 Double-Bit Axe
21:16 Gold Mining
21:16 Stone Mining
24:06 Castle Age
22:17 Arson
23:42 Scale Barding Armor
25:46 Forging
26:40 Wheelbarrow
28:08 Bow Saw
30:13 Hand Cart
33:37 Iron Casting
33:23 Chain Barding Armor
33:15 Town Watch
37:35 Imperial Age
37:45 Husbandry
38:58 Siege Engineers
39:14 Ballistics
38:50 Murder Holes
39:56 Chemistry
39:25 Cavalier
40:32 Conscription
40:27 Town Patrol
41:05 Paladin
42:15 Chivalry
45:14 Blast Furnace
44:14 Scale Mail Armor
43:45 Pikeman
44:25 Squires
45:46 Halberdier
47:20 Plate Barding Armor
47:00 Chain Mail Armor
47:53 Masonry
50:59 Plate Mail Armor
51:36 Hoardings
76:20 Spies/Treason
MartianConquistador
12:41 Feudal Age
14:36 Wheelbarrow
13:52 Double-Bit Axe
13:50 Horse Collar
17:20 Gold Mining
17:22 Man-at-Arms
21:59 Castle Age
20:23 Stone Mining
22:22 Bloodlines
23:51 Bow Saw
23:44 Heavy Plow
26:12 Stone Shaft Mining
27:01 Husbandry
27:48 Hand Cart
28:14 Caravan
33:44 Imperial Age
32:14 Inquisition
34:11 Ballistics
35:33 Chemistry
34:12 Elite Conquistador
34:44 Cavalier
Connection lost

Rejoining the realm…

Still unreachable

The connection could not be restored.

Session expired

The server has moved on; the page needs a fresh start.